| TOP OF THE 1ST |
|
Oklahoma State University Cowboys batting - Pitching for University of Michigan Wolverines : RHP Aaron Frey
|
|
Pitching: RHP Aaron Frey
|
|
|
Batting: RHB Settan Nakamura
|
0-0: Ball 1-0: Bunt for hit to 23 - play at first, batter OUT! 3-4
|
|
Batting: RHB Mennad Maalik
|
0-0: Ground out 6-3 (Groundball, 6, EV 81.2 MPH)
|
|
Batting: RHB Ben Saxton
|
0-0: Ball 1-0: Ball 2-0: Ball 3-0: Called Strike 3-1: Base on Balls
|
|
Batting: RHB Masakuni Takeuchi
|
0-0: Ball 1-0: Called Strike 1-1: Fly out, F7 (Flyball, 7S, EV 73.8 MPH)
|
| Top of the 1st over - 0 runs, 0 hits, 0 errors, 1 left on base; Oklahoma State University 0 - University of Michigan 0 |
| BOTTOM OF THE 1ST |
|
University of Michigan Wolverines batting - Pitching for Oklahoma State University Cowboys : RHP Jason Maki
|
|
Pitching: RHP Jason Maki
|
|
|
Batting: LHB Tony Olvera
|
0-0: Fly out, F8 (Flyball, 8LXD, EV 86.2 MPH)
|
|
Batting: RHB Jamie Broadhurst
|
0-0: Ball 1-0: Foul Ball, location: 2F 1-1: Foul Ball, location: 2F 1-2: Ball 2-2: Foul Ball, location: 2F 2-2: Ball 3-2: Foul Ball, location: 2F 3-2: Strikes out looking
|
|
Batting: LHB Adrian Navarro
|
0-0: Called Strike 0-1: Foul Ball, location: 2F 0-2: Ball 1-2: Ball 2-2: Foul Ball, location: 2F 2-2: SINGLE (Groundball, 34D, EV 104.4 MPH)
|
|
Batting: RHB Franklin Ortega
|
0-0: Ball 1-0: Ground out 4-3 (Groundball, 4, EV 102.5 MPH)
|
| Bottom of the 1st over - 0 runs, 1 hit, 0 errors, 1 left on base; Oklahoma State University 0 - University of Michigan 0 |
| TOP OF THE 2ND |
|
Oklahoma State University Cowboys batting - Pitching for University of Michigan Wolverines : RHP Aaron Frey
|
|
Batting: RHB Ji-an See-to
|
0-0: Called Strike 0-1: Foul Ball, location: 2F 0-2: Ball 1-2: SOLO HOME RUN (Flyball, 7D, EV 95.0 MPH), Distance : 381 ft
|
|
Batting: LHB Vecdi Ertegun
|
0-0: Ball 1-0: Bunt for hit to 13 - play at first, batter OUT! 1-3
|
|
Batting: RHB Oscar Hernandez
|
0-0: Ball 1-0: Called Strike 1-1: Ball 2-1: Called Strike 2-2: Ball 3-2: Base on Balls
|
|
Batting: RHB Armando Moreno
|
0-0: Called Strike 0-1: Foul Ball, location: 2F 0-2: Ball 1-2: Strikes out looking
|
|
Batting: RHB Pedro Luera
|
0-0: SINGLE (Groundball, 6S, EV 70.0 MPH) (infield hit) Oscar Hernandez to second
|
|
Batting: RHB Settan Nakamura
|
0-0: Called Strike 0-1: Ball 1-1: Fly out, F9 (Flyball, 9LD, EV 95.6 MPH)
|
| Top of the 2nd over - 1 run, 2 hits, 0 errors, 2 left on base; Oklahoma State University 1 - University of Michigan 0 |
| BOTTOM OF THE 2ND |
|
University of Michigan Wolverines batting - Pitching for Oklahoma State University Cowboys : RHP Jason Maki
|
|
Batting: LHB Dave Cook
|
0-0: Called Strike 0-1: Ball 1-1: Ball 2-1: Ball 3-1: Foul Ball, location: 2F 3-2: Foul Ball, location: 2F 3-2: Foul Ball, location: 2F 3-2: Foul Ball, location: 2F 3-2: Foul Ball, location: 2F 3-2: SINGLE (Line Drive, 9S, EV 90.0 MPH)
|
|
Batting: RHB Justin Young
|
0-0: Ball 1-0: Hit by Pitch Dave Cook to second
|
|
Batting: RHB Dave Guevara
|
0-0: Grounds into double play, 6-4-3 (Groundball, 6MD, EV 85.6 MPH) Dave Cook to third
|
|
Batting: RHB Edwin Nunez
|
0-0: Ball 1-0: Ball Wild Pitch! Dave Cook scores 2-0: Fly out, F7 (Flyball, 7LD, EV 93.8 MPH)
|
| Bottom of the 2nd over - 1 run, 1 hit, 0 errors, 0 left on base; Oklahoma State University 1 - University of Michigan 1 |
| TOP OF THE 3RD |
|
Oklahoma State University Cowboys batting - Pitching for University of Michigan Wolverines : RHP Aaron Frey
|
|
Batting: RHB Mennad Maalik
|
0-0: Bunt for hit to 5S - play at first, batter OUT! 5-3
|
|
Batting: RHB Ben Saxton
|
0-0: DOUBLE (Flyball, 7LD, EV 105.6 MPH)
|
|
Batting: RHB Masakuni Takeuchi
|
0-0: Ball 1-0: Ball 2-0: Ground out 4-3 (Groundball, 4M, EV 84.4 MPH) Ben Saxton to third
|
|
Batting: RHB Ji-an See-to
|
0-0: Called Strike 0-1: Ball 1-1: Fly out, F7 (Flyball, 7S, EV 87.5 MPH)
|
| Top of the 3rd over - 0 runs, 1 hit, 0 errors, 1 left on base; Oklahoma State University 1 - University of Michigan 1 |
| BOTTOM OF THE 3RD |
|
University of Michigan Wolverines batting - Pitching for Oklahoma State University Cowboys : RHP Jason Maki
|
|
Batting: RHB Esteban Rangel
|
0-0: Ground out 4-3 (Groundball, 4, EV 88.8 MPH)
|
|
Batting: LHB Tony Olvera
|
0-0: Fly out, F5 (Popup, 56S, EV 62.5 MPH)
|
|
Batting: RHB Jamie Broadhurst
|
0-0: Foul Ball, location: 2F 0-1: Ball 1-1: Swinging Strike 1-2: Ball 2-2: Ball 3-2: Foul Ball, location: 2F 3-2: Strikes out swinging
|
| Bottom of the 3rd over - 0 runs, 0 hits, 0 errors, 0 left on base; Oklahoma State University 1 - University of Michigan 1 |
| TOP OF THE 4TH |
|
Oklahoma State University Cowboys batting - Pitching for University of Michigan Wolverines : RHP Aaron Frey
|
|
Batting: LHB Vecdi Ertegun
|
0-0: Ball 1-0: Ball 2-0: Ball 3-0: Ground out 4-3 (Groundball, 4, EV 78.8 MPH)
|
|
Batting: RHB Oscar Hernandez
|
0-0: Ball 1-0: Called Strike 1-1: Ball 2-1: Foul Ball, location: 2F 2-2: Strikes out swinging
|
|
Batting: RHB Armando Moreno
|
0-0: Foul Ball, location: 2F 0-1: Swinging Strike 0-2: Ball 1-2: Ball 2-2: Foul Ball, location: 2F 2-2: Fly out, F8 (Flyball, 8RM, EV 74.4 MPH)
|
| Top of the 4th over - 0 runs, 0 hits, 0 errors, 0 left on base; Oklahoma State University 1 - University of Michigan 1 |
| BOTTOM OF THE 4TH |
|
University of Michigan Wolverines batting - Pitching for Oklahoma State University Cowboys : RHP Jason Maki
|
|
Batting: LHB Adrian Navarro
|
0-0: Ball 1-0: Called Strike 1-1: Ball 2-1: Ball 3-1: Foul Ball, location: 2F 3-2: Fly out, F9 (Flyball, 9, EV 96.2 MPH)
|
|
Batting: RHB Franklin Ortega
|
0-0: Called Strike 0-1: Fly out, F7 (Flyball, 7, EV 87.5 MPH)
|
|
Pitching: RHP Chris Nightingale
|
|
|
Batting: LHB Dave Cook
|
0-0: Foul Ball, location: 2F 0-1: Foul Ball, location: 2F 0-2: Foul Ball, location: 2F 0-2: Ball 1-2: Ball 2-2: Strikes out swinging
|
| Bottom of the 4th over - 0 runs, 0 hits, 0 errors, 0 left on base; Oklahoma State University 1 - University of Michigan 1 |
| TOP OF THE 5TH |
|
Oklahoma State University Cowboys batting - Pitching for University of Michigan Wolverines : RHP Aaron Frey
|
|
Batting: RHB Pedro Luera
|
0-0: Foul Ball, location: 2F 0-1: Ball 1-1: Ball 2-1: DOUBLE (Flyball, 89XD, EV 110.0 MPH)
|
|
Batting: RHB Settan Nakamura
|
0-0: Ball 1-0: Called Strike 1-1: Swinging Strike 1-2: Foul Ball, location: 2F 1-2: Ball 2-2: Ball 3-2: Fly out, F9 (Flyball, 89S, EV 88.8 MPH)
|
|
Batting: RHB Mennad Maalik
|
0-0: Ball 1-0: Swinging Strike 1-1: Ball 2-1: SINGLE (Groundball, 4MD, EV 98.1 MPH) Pedro Luera to third Runner from 3rd tries for Home, SAFE, throw by CF to home Mennad Maalik to second
|
|
Batting: RHB Ben Saxton
|
0-0: Called Strike 0-1: Ball 1-1: Foul Ball, location: 2F 1-2: Foul Ball, location: 2F 1-2: Fly out, F7 (Flyball, 78M, EV 96.9 MPH)
|
|
Batting: RHB Masakuni Takeuchi
|
0-0: Ball 1-0: Ground out 6-3 (Groundball, 6, EV 85.6 MPH)
|
| Top of the 5th over - 1 run, 2 hits, 0 errors, 1 left on base; Oklahoma State University 2 - University of Michigan 1 |
| BOTTOM OF THE 5TH |
|
University of Michigan Wolverines batting - Pitching for Oklahoma State University Cowboys : RHP Chris Nightingale
|
|
Batting: RHB Justin Young
|
0-0: Foul Ball, location: 2F 0-1: Swinging Strike 0-2: Ball 1-2: Fly out, F7 (Flyball, 7D, EV 91.9 MPH)
|
|
Batting: RHB Dave Guevara
|
0-0: Foul Ball, location: 2F 0-1: Swinging Strike 0-2: Ball 1-2: Strikes out looking
|
|
Batting: RHB Edwin Nunez
|
0-0: Swinging Strike 0-1: Foul Ball, location: 2F 0-2: Ball 1-2: Ball 2-2: Ground out 6-3 (Groundball, 6M, EV 78.1 MPH)
|
| Bottom of the 5th over - 0 runs, 0 hits, 0 errors, 0 left on base; Oklahoma State University 2 - University of Michigan 1 |
| TOP OF THE 6TH |
|
Oklahoma State University Cowboys batting - Pitching for University of Michigan Wolverines : RHP Aaron Frey
|
|
Pitching: RHP Marshall Laurence
|
|
|
Batting: RHB Ji-an See-to
|
0-0: Ball 1-0: Foul Ball, location: 2F 1-1: Foul Ball, location: 2F 1-2: Fly out, F8 (Flyball, 8LD, EV 91.9 MPH)
|
|
Batting: LHB Vecdi Ertegun
|
0-0: Called Strike 0-1: Ball 1-1: Foul Ball, location: 2F 1-2: Strikes out swinging
|
|
Batting: RHB Oscar Hernandez
|
0-0: Ball 1-0: Ball 2-0: Ball 3-0: Called Strike 3-1: Base on Balls
|
|
Batting: RHB Armando Moreno
|
0-0: DOUBLE (Line Drive, 5D, EV 98.8 MPH) Oscar Hernandez to third Runner from 3rd tries for Home, SAFE, throw by LF to home
|
|
Batting: RHB Pedro Luera
|
0-0: Called Strike 0-1: Ball 1-1: Swinging Strike 1-2: Ground out 6-3 (Groundball, 6, EV 86.9 MPH)
|
| Top of the 6th over - 1 run, 1 hit, 0 errors, 1 left on base; Oklahoma State University 3 - University of Michigan 1 |
| BOTTOM OF THE 6TH |
|
University of Michigan Wolverines batting - Pitching for Oklahoma State University Cowboys : RHP Chris Nightingale
|
|
Batting: RHB Esteban Rangel
|
0-0: Called Strike 0-1: Ball 1-1: Foul Ball, location: 2F 1-2: Ball 2-2: Ground out U3 (Groundball, 34, EV 87.5 MPH)
|
|
Batting: LHB Tony Olvera
|
0-0: Called Strike 0-1: Ball 1-1: Foul Ball, location: 2F 1-2: Ball 2-2: Strikes out swinging
|
|
Batting: RHB Jamie Broadhurst
|
0-0: Foul Ball, location: 2F 0-1: Called Strike 0-2: Fly out, F8 (Flyball, 8RXD, EV 91.2 MPH)
|
| Bottom of the 6th over - 0 runs, 0 hits, 0 errors, 0 left on base; Oklahoma State University 3 - University of Michigan 1 |
| TOP OF THE 7TH |
|
Oklahoma State University Cowboys batting - Pitching for University of Michigan Wolverines : RHP Marshall Laurence
|
|
Pitching: RHP Steve Child
|
|
|
Batting: RHB Settan Nakamura
|
0-0: Called Strike 0-1: Swinging Strike 0-2: Ball 1-2: Strikes out looking
|
|
Batting: RHB Mennad Maalik
|
0-0: Ball 1-0: Foul Ball, location: 2F 1-1: Ball 2-1: Fly out, F7 (Line Drive, 7, EV 100.0 MPH)
|
|
Batting: RHB Ben Saxton
|
0-0: Ball 1-0: Ball 2-0: Fly out, F9 (Flyball, 89D, EV 108.8 MPH)
|
| Top of the 7th over - 0 runs, 0 hits, 0 errors, 0 left on base; Oklahoma State University 3 - University of Michigan 1 |
| BOTTOM OF THE 7TH |
|
University of Michigan Wolverines batting - Pitching for Oklahoma State University Cowboys : RHP Chris Nightingale
|
|
Pitching: RHP Franck Basset
|
|
|
Batting: LHB Adrian Navarro
|
0-0: Ball 1-0: Foul Ball, location: 2F 1-1: Swinging Strike 1-2: Strikes out looking
|
|
Batting: RHB Franklin Ortega
|
0-0: SOLO HOME RUN (Flyball, 7D, EV 99.4 MPH), Distance : 380 ft
|
|
Batting: LHB Dave Cook
|
0-0: Ball 1-0: Ball 2-0: Called Strike 2-1: Ball 3-1: Base on Balls
|
|
Batting: RHB Justin Young
|
0-0: Swinging Strike 0-1: Called Strike 0-2: Grounds into double play, 5-4-3 (Groundball, 56, EV 98.1 MPH)
|
| Bottom of the 7th over - 1 run, 1 hit, 0 errors, 0 left on base; Oklahoma State University 3 - University of Michigan 2 |
| TOP OF THE 8TH |
|
Oklahoma State University Cowboys batting - Pitching for University of Michigan Wolverines : RHP Steve Child
|
|
Pitching: RHP Travis Palmisano
|
|
|
Batting: RHB Masakuni Takeuchi
|
0-0: Swinging Strike 0-1: Swinging Strike 0-2: Strikes out swinging
|
|
Batting: RHB Ji-an See-to
|
0-0: Foul Ball, location: 2F 0-1: Ball 1-1: Ball 2-1: Ball 3-1: Called Strike 3-2: Ground out 4-3 (Groundball, 4, EV 108.8 MPH)
|
|
Batting: LHB Vecdi Ertegun
|
0-0: Ball 1-0: Called Strike 1-1: Ball 2-1: Ball 3-1: Ground out 4-3 (Groundball, 4, EV 83.8 MPH)
|
| Top of the 8th over - 0 runs, 0 hits, 0 errors, 0 left on base; Oklahoma State University 3 - University of Michigan 2 |
| BOTTOM OF THE 8TH |
|
University of Michigan Wolverines batting - Pitching for Oklahoma State University Cowboys : RHP Franck Basset
|
|
Pinch Hitting: RHB Jason Rhodes
|
0-0: Ball 1-0: Foul Ball, location: 2F 1-1: SINGLE (Line Drive, 56D, EV 96.9 MPH)
|
|
Batting: RHB Edwin Nunez
|
0-0: Sac Bunt to 25 - play at first, batter OUT! 5-3 Jason Rhodes to second
|
|
Pinch Hitting: LHB Joel Sandoval
|
0-0: Swinging Strike 0-1: Ball 1-1: Called Strike 1-2: Strikes out swinging
|
|
Pitching: RHP Justin Rubino
|
|
|
Pinch Hitting: LHB Gabe Morales
|
0-0: Fly out, F7 (Flyball, 7S, EV 90.0 MPH)
|
| Bottom of the 8th over - 0 runs, 1 hit, 0 errors, 1 left on base; Oklahoma State University 3 - University of Michigan 2 |
| TOP OF THE 9TH |
|
Oklahoma State University Cowboys batting - Pitching for University of Michigan Wolverines : RHP Travis Palmisano
|
|
Now at 1B: Joel Sandoval
|
|
|
Now at SS: Jason Rhodes
|
|
|
Now in CF: Gabe Morales
|
|
|
Batting: RHB Oscar Hernandez
|
0-0: Ball 1-0: Ball 2-0: Fly out, F8 (Flyball, 8LD, EV 85.6 MPH)
|
|
Batting: RHB Armando Moreno
|
0-0: Called Strike 0-1: Foul Ball, location: 2F 0-2: Foul Ball, location: 2F 0-2: Foul Ball, location: 2F 0-2: Ball 1-2: Strikes out swinging
|
|
Batting: RHB Pedro Luera
|
0-0: Ball 1-0: Ball 2-0: Called Strike 2-1: TRIPLE (Flyball, 89D, EV 110.0 MPH)
|
|
Batting: RHB Settan Nakamura
|
0-0: Ball Wild Pitch! Pedro Luera scores 1-0: Swinging Strike 1-1: Foul Ball, location: 2F 1-2: Ball 2-2: Foul Ball, location: 2F 2-2: Fly out, F5 (Popup, 56, EV 71.9 MPH)
|
| Top of the 9th over - 1 run, 1 hit, 0 errors, 0 left on base; Oklahoma State University 4 - University of Michigan 2 |
| BOTTOM OF THE 9TH |
|
University of Michigan Wolverines batting - Pitching for Oklahoma State University Cowboys : RHP Justin Rubino
|
|
Pitching: RHP Yorinobu Matsumoto
|
|
|
Batting: RHB Jamie Broadhurst
|
0-0: Foul Ball, location: 2F 0-1: Swinging Strike 0-2: Strikes out swinging
|
|
Batting: LHB Adrian Navarro
|
0-0: Ball 1-0: Ball 2-0: Fly out, F7 (Flyball, 7D, EV 110.6 MPH)
|
|
Batting: RHB Franklin Ortega
|
0-0: Ball 1-0: Ball 2-0: Called Strike 2-1: Foul Ball, location: 2F 2-2: Ball 3-2: Base on Balls
|
|
Batting: LHB Dave Cook
|
0-0: Ball 1-0: Ball 2-0: Swinging Strike 2-1: Called Strike 2-2: Strikes out swinging
|
| Bottom of the 9th over - 0 runs, 0 hits, 0 errors, 1 left on base; Oklahoma State University 4 - University of Michigan 2 |
|